 Dungeon Crawl Stone Soup version 0.32-a0-699-g1ee5eff69a (webtiles) character file.

Game seed: 7933126181187008394

557 croobank the Ruffian (level 7, -12/52 HPs)
             Began as a Gnoll Shapeshifter on Mar 13, 2024.
             Mangled by Eustachio
             ... wielding a +0 rapier
              (14 damage)
             ... on level 4 of the Dungeon.
             The game lasted 00:07:39 (3247 turns).

croobank the Ruffian (Gnoll Shapeshifter)           Turns: 3247, Time: 00:07:39

Health: -12/52     AC:  2    Str: 18    XL:     7   Next: 30%
Magic:  10/10      EV: 12    Int: 12    God:
Gold:   185        SH:  0    Dex: 11    Spells: 11/11 levels left

rFire   . . .        r - staff of Greed {rPois Str+5 Alchemy}
rCold   . . .        n - orb {mayhem}
rNeg    . . .        a - +0 animal skin
rPois   +            (helmet currently unavailable)
rElec   .            (cloak currently unavailable)
rCorr   .            (gloves currently unavailable)
SInv    .            (boots currently unavailable)
Will    .....        f - amulet of the acrobat
Stlth   ++           g - ring of poison resistance
HPRegen 0.28/turn    (no ring)
MPRegen 0.12/turn

%: mayhem, acrobat
@: beast-form, weak-willed
A: beast (slay +3), fangs 1, strong nose, distributed training
a: Begin Untransformation


You were on level 4 of the Dungeon.
You were a hulking beast.
You visited 1 branch of the dungeon, and saw 4 of its levels.

You collected 185 gold pieces.

Inventory:

Hand Weapons
 i - a +2 scythe of protection
 l - a +0 dagger
 m - a +0 rapier
 p - the +0 falchion "Ihu Waytuu" {freeze, rN+ Str+3 Dex+3}
   (You found it on level 2 of the Dungeon)

   Str+3:     It affects your strength (+3).
   Dex+3:     It affects your dexterity (+3).
   rN+:       It protects you from negative energy.
Armour
 a - a +0 animal skin (worn)
 e - the +1 helmet of Inviolability {rPois rCorr Int+5}
   (You acquired it on level 3 of the Dungeon)

   Int+5:     It affects your intelligence (+5).
   rPois:     It protects you from poison.
   rCorr:     It protects you from acid and corrosion.
 n - an orb of mayhem (worn)
 q - a +2 pair of boots
Magical Staves
 r - the staff of Greed (weapon) {rPois Str+5 Alchemy}
   (You acquired it on level 3 of the Dungeon)

   [staff of alchemy]

   Base accuracy: +5 Base damage: 5 Base attack delay: 1.2 This weapon's minimum
   attack delay (0.6) is reached at skill level 12.
   Str+5:     It affects your strength (+5).
   rPois:     It protects you from poison.
   Alchemy:   It increases the power of your Alchemy spells.
   It falls into the 'Staves' category.
   It is a one-handed weapon.
Jewellery
 f - an amulet of the acrobat (around neck)
 g - a ring of poison resistance (left hand)
Talismans
 c - a beast talisman (active)
 d - a flux talisman
Scrolls
 j - a scroll of teleportation
 o - a scroll of vulnerability
 s - a scroll of immolation {unknown}
 t - a scroll of butterflies {unknown}
Potions
 b - a potion of lignification


   Skills:
 + Level 3.6 Fighting
 + Level 2.5 Short Blades
 + Level 2.5 Long Blades
 + Level 2.5 Axes
 + Level 2.5 Maces & Flails
 + Level 2.5 Polearms
 + Level 2.5 Staves
 + Level 2.5 Ranged Weapons
 + Level 2.5 Throwing
 + Level 2.5 Armour
 + Level 5.2 Dodging
 + Level 2.5 Stealth
 + Level 2.5 Shields
 + Level 7.0 Unarmed Combat
 + Level 2.5 Spellcasting
 + Level 2.0 Conjurations
 + Level 2.0 Hexes
 + Level 2.0 Summonings
 + Level 2.0 Necromancy
 + Level 2.0 Translocations
 + Level 2.0 Fire Magic
 + Level 2.0 Ice Magic
 + Level 2.0 Air Magic
 + Level 2.0 Earth Magic
 + Level 2.0 Alchemy
 + Level 2.8 Invocations
 + Level 2.5 Evocations
 + Level 6.9 Shapeshifting


You had 11 spell levels left.
You didn't know any spells.
Your spell library contained the following spells:

 Spells                   Type           Power      Damage    Failure   Level
 Magic Dart               Conj           24%        1d4       11%         1
 Necrotise                Necr           24%        1d5       11%         1
 Blink                    Tloc           12%        N/A       17%         2
 Call Imp                 Summ           12%        N/A       17%         2
 Cigotuvi's Dreadful Rot  Necr/Alch/Air  18%        N/A       17%         2
 Call Canine Familiar     Summ           6%         N/A       32%         3
 Sigil of Binding         Hex            6%         N/A       32%         3
 Vampiric Draining        Necr           6%         2d6       32%         3
 Dimensional Bullseye     Hex/Tloc       3%         N/A       73%         4
 Dispel Undead            Necr           6%         3d8       73%         4
 Martyr's Knell           Necr/Summ      6%         N/A       73%         4
 Curse of Agony           Necr           6%         N/A       97%         5


Dungeon Overview and Level Annotations

Branches:
Dungeon (4/15)
 Temple: D:4-7

Altars:
Hepliaklqana

Shops:
D:1 [

Annotations:
D:4 3 runed translucent doors, Eustachio; gosagan's ghost, amateur KoEn; hikkokomori's ghost, novice CoBe


Innate Abilities, Weirdness & Mutations

You are a hulking beast.
Your limbs bulge with bestial killing power. (Slay +3)
You have very sharp teeth.
Your uncanny sense of smell can sniff out nearby items.
Your experience applies equally to all skills.


Message History

The ogre is severely wounded.
The ogre hits you with a +0 giant club!
You hit the ogre. You bite the ogre.
You kill the ogre!
Eustachio flies into a frenzy!
Eustachio hits you with a +0 rapier! Eustachio closely misses you.
Your Conjurations skill increases to level 2!
Your Hexes skill increases to level 2!
Your Summonings skill increases to level 2!
Your Necromancy skill increases to level 2!
Your Translocations skill increases to level 2!
Your Fire Magic skill increases to level 2!
Your Ice Magic skill increases to level 2!
Your Air Magic skill increases to level 2!
Your Earth Magic skill increases to level 2!
Your Alchemy skill increases to level 2!
You barely miss Eustachio. Eustachio closely misses you.
You hit Eustachio. Your bite misses Eustachio.
Eustachio is lightly wounded.
Eustachio hits you with a +0 rapier! x2
You closely miss Eustachio. You bite Eustachio.
Eustachio is lightly wounded.
Eustachio closely misses you.
You closely miss Eustachio.
Eustachio is lightly wounded.
Eustachio hits you with a +0 rapier!
* * * LOW HITPOINT WARNING * * *
Eustachio hits you with a +0 rapier.
* * * LOW HITPOINT WARNING * * *
You hit Eustachio.
You envenom Eustachio.
Eustachio is poisoned.
Eustachio is moderately wounded.
Eustachio closely misses you. Eustachio hits you with a +0 rapier.
* * * LOW HITPOINT WARNING * * *
Okay, then.
Okay, then.
Okay, then.
As you read the scroll of vulnerability, it crumbles to dust.
A wave of despondency washes over your surroundings.
Eustachio hits you with a +0 rapier!
You die...

#.# #.. #..
..## #.. ...#
#.# #..# #.#
#..# . #.#
#..# .# #.# #
#@)# .#
##<##.####
#.h#
.###...#....#
#..#
........#
#.<#
..##....#
#..#
#.....#.#
#..#
..##.)#.#
#..#
.###.)#.#
#..# ##
#..... #...†#
# #.####
#.#####


You could see the neutral Eustachio (fast, strong, frenzied, poisoned,
weak-willed).

Vanquished Creatures
  Sigmund (D:4)
  An ogre (D:4)
  A phantom (D:4)
  A bombardier beetle (D:4)
  2 orc priests (D:3)
  2 iguanas (D:4)
  A gnoll (D:4)
  3 adders
  2 dart slugs
  4 orcs
  6 ball pythons
  2 bats
  6 endoplasms
  3 giant cockroaches
  2 goblins
  7 hobgoblins
  2 quokkas
  2 frilled lizards (D:1)
  4 kobolds
  7 rats
59 creatures vanquished.

Vanquished Creatures (collateral kills)
  A hobgoblin (D:3)
1 creature vanquished.

Grand Total: 60 creatures vanquished

Notes
Turn   | Place    | Note
-------+----------+-------------------------------------------
     0 | D:1      | croobank the Gnoll Shapeshifter began the quest for the
                  | Orb.
     0 | D:1      | Reached XP level 1. HP: 17/17 MP: 1/1
    78 | D:1      | Reached XP level 2. HP: 23/23 MP: 2/2
   257 | D:1      | Found Utzasusy's Antique Armour Boutique.
   678 | D:2      | Found a hazy altar of Hepliaklqana.
   696 | D:2      | Reached XP level 3. HP: 28/28 MP: 3/3
   860 | D:2      | Identified the +0 falchion "Ihu Waytuu" {freeze, rN+ Str+3
                  | Dex+3}
  1457 | D:3      | Reached skill level 1 in Invocations
  1491 | D:3      | Reached skill level 1 in Short Blades
  1491 | D:3      | Reached skill level 1 in Long Blades
  1491 | D:3      | Reached skill level 1 in Axes
  1491 | D:3      | Reached skill level 1 in Maces & Flails
  1491 | D:3      | Reached skill level 1 in Polearms
  1491 | D:3      | Reached skill level 1 in Staves
  1491 | D:3      | Reached skill level 1 in Ranged Weapons
  1491 | D:3      | Reached skill level 1 in Throwing
  1491 | D:3      | Reached skill level 1 in Armour
  1491 | D:3      | Reached skill level 1 in Stealth
  1491 | D:3      | Reached skill level 1 in Shields
  1491 | D:3      | Reached skill level 1 in Spellcasting
  1491 | D:3      | Reached skill level 1 in Evocations
  1491 | D:3      | Reached XP level 4. HP: 6/34 MP: 5/5
  1758 | D:3      | Reached skill level 1 in Conjurations
  1758 | D:3      | Reached skill level 1 in Hexes
  1758 | D:3      | Reached skill level 1 in Summonings
  1758 | D:3      | Reached skill level 1 in Necromancy
  1758 | D:3      | Reached skill level 1 in Translocations
  1758 | D:3      | Reached skill level 1 in Fire Magic
  1758 | D:3      | Reached skill level 1 in Ice Magic
  1758 | D:3      | Reached skill level 1 in Air Magic
  1758 | D:3      | Reached skill level 1 in Earth Magic
  1758 | D:3      | Reached skill level 1 in Alchemy
  1982 | D:3      | Reached XP level 5. HP: 19/40 MP: 7/7
  2063 | D:3      | Identified 2 scrolls of acquirement
  2063 | D:3      | Acquired the staff of Greed {rPois Str+5 Alchemy}
  2065 | D:3      | Acquired the +1 helmet of Inviolability {rPois rCorr Int+5}
  2600 | D:4      | Noticed a phantom
  2613 | D:4      | Killed a phantom
  2718 | D:4      | Reached XP level 6. HP: 47/47 MP: 8/8
  2727 | D:4      | Noticed Sigmund
  2762 | D:4      | Killed Sigmund
  2763 | D:4      | Reached skill level 5 in Dodging
  2977 | D:4      | Found a runed translucent gate.
  2977 | D:4      | Found a runed translucent gate.
  2977 | D:4      | Found a runed translucent gate.
  2977 | D:4      | Noticed hikkokomori's ghost (novice CoBe)
  2978 | D:4      | Noticed gosagan's ghost (amateur KoEn)
  3006 | D:4      | Reached XP level 7. HP: 52/52 MP: 10/10
  3011 | D:4      | Reached skill level 7 in Unarmed Combat
  3236 | D:4      | Noticed Eustachio
  3246 | D:4      | HP: 1/52 [Eustachio/+0 rapier (2)]
  3247 | D:4      | Mangled by Eustachio

Illustrated notes

Levels and vault maps discovered:
D:1:      mrwooster_arrival_statue_2, layout_loops_ring, serial_shops, shop,
          serial_bayou_lake_a
D:2:      layout_loops_ring, basic_altar
D:3:      layout_basic
D:4:      layout_loops_ring, pdpol_temple_overflow_zin_treasury_gozag_greed,
          gammafunk_ghost_cemetery, minmay_cupped, uniq_ijyb, uniq_eustachio,
          uniq_sigmund

Skill      XL: |  1  2  3  4  5  6  7 |
---------------+----------------------+-----
Invocations    | 1 2 |  2.8
Short Blades   | 1 2 |  2.5
Long Blades    | 1 2 |  2.5
Axes           | 1 2 |  2.5
Maces & Flails | 1 2 |  2.5
Polearms       | 1 2 |  2.5
Staves         | 1 2 |  2.5
Ranged Weapons | 1 2 |  2.5
Throwing       | 1 2 |  2.5
Armour         | 1 2 |  2.5
Stealth        | 1 2 |  2.5
Shields        | 1 2 |  2.5
Spellcasting   | 1 2 |  2.5
Evocations     | 1 2 |  2.5
Conjurations   | 1 2 |  2.0
Hexes          | 1 2 |  2.0
Summonings     | 1 2 |  2.0
Necromancy     | 1 2 |  2.0
Translocations | 1 2 |  2.0
Fire Magic     | 1 2 |  2.0
Ice Magic      | 1 2 |  2.0
Air Magic      | 1 2 |  2.0
Earth Magic    | 1 2 |  2.0
Alchemy        | 1 2 |  2.0
Fighting       | 3 |  3.6
Dodging        | 5 |  5.2
Unarmed Combat | 7 |  7.0
Shapeshifting  | |  6.9

Action                     |  1- 3 |  4- 6 |  7- 9 || total
---------------------------+-------+-------+-------++-------
  Melee: Unarmed           |    35 |       |       ||    35
         Punch             |     1 |       |       ||     1
         Bite              |     3 |     8 |     3 ||    14
         Falchion          |    11 |    89 |    15 ||   115
         Staff             |       |       |    13 ||    13
    Use: Scroll            |       |     3 |     4 ||     7
         Potion            |       |     2 |       ||     2
   Stab: Sleeping          |     2 |     4 |     1 ||     7
         Distracted        |       |     1 |       ||     1
 Armour: Animal skin       |    18 |    41 |    14 ||    73
  Dodge: Dodged            |    31 |    61 |    15 ||   107

Table legend: (Time is in decaauts)
 A = Elapsed time spent in this place.
 B = Non-inter-level travel time spent in this place.
 C = Inter-level travel time spent in this place.
 D = Time resting spent in this place.
 E = Time spent auto-exploring this place.
 F = Levels seen in this place.
 G = Mean time per level.
                   A        B        C        D        E       F      G
               +--------+--------+--------+--------+--------+-----+--------+
         Total |   3283 |   3198 |     85 |    728 |   1984 |   4 |  820.8 |
       Dungeon |   3283 |   3198 |     85 |    728 |   1984 |   4 |  820.8 |
               +--------+--------+--------+--------+--------+-----+--------+

Top non-repeatable levels by time:
     D:3: 1166 daAuts
     D:2: 755 daAuts
     D:1: 682 daAuts
     D:4: 679 daAuts
